 Dungeon Crawl Stone Soup version 0.19-a0-1637-gc13f225 (webtiles) character file.

107113 sinon the Impaler (level 15, -7/130 HPs)
             Began as a Minotaur Fire Elementalist on Sept 26, 2016.
             Was the Champion of Okawaru.
             Mangled by a caustic shrike zombie (17 damage)
             ... on level 15 of the Dungeon on Oct 1, 2016.
             The game lasted 04:45:15 (23135 turns).

sinon the Impaler (Minotaur Fire Elementalist)     Turns: 23135, Time: 04:45:16

Health: -7/130     AC: 24    Str: 25    XL:     15   Next: 99%
Magic:  18/20      EV: 15    Int: 14    God:    Okawaru [******]
Gold:   2349       SH:  0    Dex: 17    Spells: 6 memorised, 4 levels left

rFire  . . .     SeeInvis .     a - +6 glaive "Fulagal" {chop, rPois rN+}
rCold  . . .     Gourm    .     N - +4 scale mail {MR+}
rNeg   + . .     Faith    .     (shield currently unavailable)
rPois  +         Spirit   .     i - +1 hat "Acugo" {Str+7}
rElec  .         Dismiss  .     S - +0 cloak
rCorr  .         Reflect  .     M - +2 pair of gloves
MR     ++...     Harm     .     n - +2 pair of boots {run}
Stlth  ++........               u - amulet of regeneration
                                U - +2 ring of intelligence
                                b - +5 ring of dexterity

@: heroism, quick
A: retaliatory headbutt, horns 2, wild magic 1
a: Heroism, Finesse, Renounce Religion


You were on level 15 of the Dungeon.
You worshipped Okawaru.
Okawaru was exalted by your worship.
You were not hungry.

You visited 3 branches of the dungeon, and saw 23 of its levels.
You also visited: Ice Cave.

You collected 2997 gold pieces.
You spent 648 gold pieces at shops.

Inventory:

Hand Weapons
 a - the +6 glaive "Fulagal" (weapon) {chop, rPois rN+}
   (Okawaru gifted it to you on level 6 of the Lair of Beasts)

   It inflicts extra damage upon your enemies.
   It protects you from poison.
   It protects you from negative energy.
 c - a +2 demon trident of pain
 p - a +4 trident of flaming
Missiles
 x - 14 javelins (quivered)
Armour
 i - the +1 hat "Acugo" (worn) {Str+7}
   (Okawaru gifted it to you on level 13 of the Dungeon)

   It affects your strength (+7).
 n - a +2 pair of boots of running (worn)
 M - a +2 pair of gloves (worn)
 N - a +4 scale mail of magic resistance (worn)
 S - a +0 cloak (worn)
Jewellery
 b - a +5 ring of dexterity (left hand)
 u - an amulet of regeneration (around neck)
 A - an uncursed ring of protection from cold
 U - a +2 ring of intelligence (right hand)
Wands
 d - a wand of lightning (6/15)
 f - a wand of heal wounds (5/9)
 h - a wand of iceblast (12/15)
 q - a wand of enslavement (15/24)
 s - a wand of teleportation (4/9)
 y - a wand of acid (4/15)
 z - a wand of iceblast (7/15)
 H - a wand of acid (7/15)
 L - a wand of teleportation (1/9)
 P - a wand of paralysis (20/24)
 T - a wand of iceblast (6/15)
 X - a wand of digging (15/24)
Scrolls
 e - 8 scrolls of remove curse
 o - 14 scrolls of teleportation
 t - 2 scrolls of fear
 D - 4 scrolls of blinking
 F - a scroll of brand weapon {unknown}
 G - 3 scrolls of amnesia
 J - 2 scrolls of enchant armour
 K - a scroll of magic mapping
Potions
 g - 2 potions of cure mutation
 k - 6 potions of curing
 l - 2 potions of haste
 m - 2 potions of might
 r - a potion of brilliance
 v - 2 potions of flight
 B - 3 potions of agility
 C - a potion of invisibility
 E - a potion of resistance
 I - 3 potions of ambrosia
Miscellaneous
 w - a lamp of fire (inert)
 O - a phial of floods
 Z - a box of beasts
Comestibles
 j - 11 chunks of flesh
 Q - 8 meat rations
 V - 6 fruits
 Y - 9 bread rations


   Skills:
 + Level 11.6(16.6) Fighting
 - Level 15.0(20.0) Polearms
 + Level 11.7(16.7) Armour
 - Level 2.2(7.2) Dodging
 - Level 1.5(6.5) Stealth
   Level 5.0(10.0) Shields
 - Level 2.0 Spellcasting
 - Level 9.5 Conjurations
 - Level 4.0 Charms
 + Level 7.8 Necromancy
 - Level 9.4 Fire Magic
 - Level 8.0 Invocations


You had 4 spell levels left.
You knew the following spells:

 Your Spells              Type           Power        Failure   Level  Hunger
a - Flame Tongue          Conj/Fire      #####        1%          1    ##.....
b - Conjure Flame         Conj/Fire      #####...     4%          3    ####...
c - Sticky Flame          Conj/Fire      #####...     17%         4    #####..
d - Animate Skeleton      Necr           N/A          3%          1    ##.....
e - Regeneration          Chrm/Necr      ###.......   21%         3    ####...
f - Repel Missiles        Chrm/Air       #.....       36%         2    ###....


Dungeon Overview and Level Annotations

Branches:
Dungeon (15/15)            Temple (0/1) D:6            Lair (6/6) D:8
  Swamp (0/4) Lair:3       Spider (0/4) Lair:2        Slime (0/5) Lair:5
    Orc (2/2) D:11            Elf (0/3) Orc:2        Vaults (0/5) D:13
 Depths: D:15

Altars:
Dithmenos
Elyvilon
Gozag
Makhleb
Okawaru
Qazlal
Xom
Jiyva

Shops:
D:5 :   D:9 *   D:15 *   Orc:2 :[*!

Portals:
Pandemonium: Orc:2


Innate Abilities, Weirdness & Mutations

You reflexively headbutt those who attack you in melee.
You have a pair of horns on your head.
Your spells are a little harder to cast, but a little more powerful.


Message History

The caustic shrike zombie claws you!
You hit the caustic shrike zombie.
The caustic shrike zombie is severely damaged.
The caustic shrike zombie claws you!!
* * * LOW HITPOINT WARNING * * *
Evoke which item? (* to show all) (? for menu, Esc to quit)
Aim the lamp in which direction?
Press: ? - help, Dir - move target cursor, f - caustic shrike zombie
Aim: a caustic shrike zombie (severely damaged)
The flames dance!
The trail of fire hits the caustic shrike zombie.
The caustic shrike zombie is severely damaged.
The trail of fire misses the spriggan air mage zombie.
The caustic shrike zombie is engulfed in roaring flames.
The caustic shrike zombie claws you!
* * * LOW HITPOINT WARNING * * *
The spriggan air mage zombie is engulfed in roaring flames.
The caustic shrike zombie is engulfed in roaring flames.
The caustic shrike zombie claws you!
You die...

#.# #.# ..
##########.#######.#### .###
.........<...........##....
...##...#######.[........
#.#..### #..........
..####.....########..........
........##..))))...(((.....≈.
..######..########(..<........
.............@ZZ§§§§§.(.......
..#########.#####.....[.......
#....Z..............
####....##.........#
#...####.#..#.#.. .......
.......... ..8....P..P..#..##.
.P.....8.P..P.#..##
.8..........8


You could see a spriggan air mage zombie and a caustic shrike zombie.

Vanquished Creatures
  Agnes (D:14)
  Kirke (Lair:5)
  A frost giant (IceCv)
  2 vault guards (D:13)
  7 hydras
  A catoblepas (Lair:6)
  2 death knights (D:14)
  3 centaur warriors
  The ghost of fairyof the Thaumaturge, a journeyman DECj of Vehumet (D:11)
  A death yak (IceCv)
  5 orc high priests (Orc:2)
  Nergalle (Lair:2)
  2 skeletal warriors (D:14)
  A sixfirhy (Orc:2)
  An infernal demonspawn (Orc:2)
  A gelid demonspawn (Orc:2)
  A torturous demonspawn (Orc:2)
  An unseen horror (D:14)
  6 hill giants
  A necromancer (D:13)
  Pikel (D:7)
  9 orc sorcerers
  18 ugly things
  6 orc knights
  3 deep elf magi
  3 manticores
  4 cyclopes
  6 elephants (Lair:4)
  An ice statue (IceCv)
  A black mamba (Lair:6)
  2 torpor snails
  2 gargoyles (D:13)
  An orange demon (Orc:2)
  Maurice (D:12)
  15 spiny frogs
  3 centaur skeletons
  A kobold demonologist (D:14)
  3 rime drakes
  15 komodo dragons
  3 freezing wraiths (D:14)
  A hellwing (Orc:2)
  A red devil (Orc:2)
  A harpy zombie (D:14)
  15 polar bears
  3 meliai (D:13)
  6 trolls
  2 two-headed ogres
  8 slime creatures
  11 blink frogs
  12 hippogriffs
  4 dream sheep
  A vampire (D:14)
  A ynoxinul (Orc:2)
  2 spriggans (Lair:3)
  72 yaks
  21 humans
  A neqoxec (Orc:2)
  3 wraiths (D:14)
  4 basilisks
  2 wyverns (Lair:6)
  2 water elementals (D:13)
  A hungry ghost (D:11)
  3 mottled dragons
  4 swamp worms (Lair:3)
  5 wargs (Orc:2)
  12 water moccasins
  8 porcupines
  3 sky beasts
  4 black bears
  31 orc warriors
  2 boggarts (D:14)
  2 eyes of draining
  A necrophage (D:13)
  2 phantoms
  18 centaurs
  15 ogres
  18 wolves
  3 ice beasts
  2 big kobolds
  15 crocodiles
  14 bullfrogs
  A wyvern zombie (D:14)
  A wyvern skeleton (D:12)
  A water moccasin skeleton (D:7)
  A scorpion (D:10)
  17 killer bees
  6 wights
  3 electric eels
  3 centaur zombies
  11 crimson imps
  A bullfrog zombie (D:8)
  4 quasits
  4 bullfrog skeletons
  20 orc priests
  5 hounds
  15 jellies
  Crazy Yiuf (D:7)
  Ijyb (D:2)
  7 hell rats (Lair:5)
  8 iguanas
  23 orc wizards
  9 worker ants
  A howler monkey zombie (D:11)
  6 adders
  38 river rats
  5 shadow imps
  2 white imps (D:10)
  13 oozes
  2 adder zombies
  An adder skeleton (D:4)
  2 worms (D:2)
  4 dart slugs
  5 leopard geckos
  78 orcs
  3 giant cockroaches
  25 goblins
  12 hobgoblins
  8 jackals
  7 quokkas
  A ball python (D:1)
  8 bats
  2 frilled lizards
  15 kobolds
  7 rats
861 creatures vanquished.

Vanquished Creatures (collateral kills)
  An ugly thing (D:14)
  8 slime creatures
  2 wolves (IceCv)
  2 boggarts (D:14)
  A shadow imp (D:14)
  2 orcs (D:14)
16 creatures vanquished.

Vanquished Creatures (others)
  A howler monkey (D:7)
  An orc wizard (Orc:2)
  8 fungi
  4 plants
14 creatures vanquished.

Grand Total: 891 creatures vanquished

Notes
Turn   | Place    | Note
-------+----------+-------------------------------------------
     0 | D:1      | sinon the Minotaur Fire Elementalist began the quest for the Orb.
     0 | D:1      | Reached XP level 1. HP: 14/14 MP: 1/1
   160 | D:1      | Reached skill level 1 in Conjurations
   418 | D:1      | Reached skill level 1 in Fighting
   450 | D:1      | Reached XP level 2. HP: 15/23 MP: 3/3
   932 | D:1      | You fall through a shaft!
  1008 | D:2      | Reached XP level 3. HP: 19/30 MP: 4/4
  1727 | D:2      | Found a shadowy altar of Dithmenos.
  1822 | D:2      | Reached XP level 4. HP: 40/40 MP: 5/5
  1854 | D:2      | Noticed Ijyb
  1876 | D:2      | Killed Ijyb
  2042 | D:2      | Found an iron altar of Okawaru.
  2051 | D:2      | Became a worshipper of Warmaster Okawaru
  2059 | D:2      | Reached skill level 5 in Fighting
  2289 | D:2      | Reached skill level 1 in Armour
  2289 | D:2      | Reached skill level 1 in Shields
  2289 | D:2      | Reached XP level 5. HP: 22/48 MP: 6/6
  2515 | D:3      | Reached skill level 1 in Polearms
  2548 | D:3      | Reached skill level 2 in Polearms
  2769 | D:3      | Reached skill level 3 in Polearms
  2775 | D:3      | Reached XP level 6. HP: 16/56 MP: 7/7
  2785 | D:3      | Reached skill level 4 in Polearms
  3453 | D:4      | Gained mutation: You are partially covered in rugged brown scales. (AC +1, +3% HP) [potion of mutation]
  3453 | D:4      | Gained mutation: You are resistant to hostile enchantments. (MR+) [potion of mutation]
  3453 | D:4      | Gained mutation: Armour fits poorly on your strangely shaped body. [potion of mutation]
  3690 | D:5      | Entered Level 5 of the Dungeon
  3786 | D:5      | Reached * piety under Okawaru
  3786 | D:5      | Reached skill level 5 in Polearms
  3834 | D:5      | Reached skill level 6 in Polearms
  3834 | D:5      | Reached XP level 7. HP: 62/62 MP: 8/8
  3858 | D:5      | Found Zaocakub's Book Shop.
  4068 | D:5      | Reached skill level 7 in Polearms
  4282 | D:5      | Reached skill level 8 in Polearms
  4602 | D:6      | Found a staircase to the Ecumenical Temple.
  4662 | D:6      | Reached ** piety under Okawaru
  4662 | D:6      | Reached skill level 9 in Polearms
  4662 | D:6      | Reached XP level 8. HP: 63/70 MP: 9/9
  4668 | D:6      | Lost mutation: Armour fits poorly on your strangely shaped body. [mutagenic meat]
  5170 | D:6      | Reached skill level 10 in Polearms
  5470 | D:7      | Reached *** piety under Okawaru
  5608 | D:7      | Found a runed door.
  5612 | D:7      | Noticed Crazy Yiuf
  5615 | D:7      | Killed Crazy Yiuf
  5644 | D:7      | Noticed Pikel
  5652 | D:7      | Killed Pikel
  5652 | D:7      | Reached skill level 11 in Polearms
  5652 | D:7      | Reached skill level 5 in Armour
  5652 | D:7      | Reached XP level 9. HP: 74/76 MP: 10/10
  5701 | D:7      | Reached **** piety under Okawaru
  5714 | D:7      | Found an opulent altar of Gozag.
  6252 | D:7      | Reached skill level 5 in Shields
  6540 | D:8      | Found a staircase to the Lair.
  6577 | D:8      | Noticed a troll
  6586 | D:8      | Noticed a deep elf mage
  6586 | D:8      | Killed a troll
  6591 | D:8      | Killed a deep elf mage
  6675 | D:8      | Reached ***** piety under Okawaru
  6737 | D:8      | Reached XP level 10. HP: 88/88 MP: 11/11
  7193 | D:9      | Found a shadowy altar of Dithmenos.
  7208 | D:9      | Found Jiang's Assorted Antiques.
  7315 | D:9      | Bought a scroll of identify for 66 gold pieces
  7315 | D:9      | Bought a scroll of identify for 66 gold pieces
  7375 | D:9      | Noticed a cyclops
  7392 | D:9      | Killed a cyclops
  7413 | D:9      | Found a white marble altar of Elyvilon.
  7560 | D:9      | Found a stormy altar of Qazlal.
  7561 | D:9      | Found a burning altar of Makhleb.
  7655 | D:9      | Received a gift from Okawaru
  7729 | D:10     | Entered Level 10 of the Dungeon
  8006 | D:10     | Learned a level 3 spell: Conjure Flame
  8011 | D:10     | Learned a level 4 spell: Sticky Flame
  8614 | D:11     | Found a staircase to the Orcish Mines.
  8614 | D:11     | Noticed a deep elf mage
  8621 | D:11     | Killed a deep elf mage
  8621 | D:11     | Reached XP level 11. HP: 99/99 MP: 12/12
  8693 | Lair:1   | Entered Level 1 of the Lair of Beasts
  8827 | Lair:1   | Reached skill level 10 in Armour
  8831 | Lair:1   | Received a gift from Okawaru
  9009 | Lair:1   | Reached skill level 5 in Conjurations
  9009 | Lair:1   | Reached skill level 5 in Fire Magic
  9432 | Lair:1   | You fall through a shaft!
  9773 | Lair:2   | Found a shimmering altar of Xom.
 10178 | Lair:2   | Found a hole to the Spider Nest.
 10247 | Lair:2   | You fall through a shaft!
 10417 | Lair:2   | Noticed Nergalle
 10443 | Lair:2   | Killed Nergalle
 10443 | Lair:2   | Reached skill level 1 in Invocations
 10881 | Lair:3   | Reached ****** piety under Okawaru
 10881 | Lair:3   | Reached XP level 12. HP: 93/107 MP: 13/13
 10926 | Lair:3   | Received a gift from Okawaru
 10931 | Lair:3   | Got a pair of transparent boots {god gift}
 10937 | Lair:3   | Identified the +1 pair of boots "Nulyurphenn" {Int+2} (Okawaru gifted it to you on level 3 of the Lair of Beasts)
 10968 | Lair:3   | Noticed a four-headed hydra
 10977 | Lair:3   | Killed a four-headed hydra
 11604 | Lair:3   | Found a staircase to the Swamp.
 11838 | Lair:3   | Noticed a seven-headed hydra
 11852 | Lair:3   | Killed a seven-headed hydra
 12009 | Lair:4   | Reached skill level 5 in Invocations
 12030 | Lair:4   | Noticed a five-headed hydra
 12039 | Lair:4   | Killed a five-headed hydra
 12367 | Lair:4   | Received a gift from Okawaru
 12382 | Lair:4   | Identified a +2 pair of boots of running (Okawaru gifted it to you on level 4 of the Lair of Beasts)
 12582 | Lair:4   | Reached XP level 13. HP: 91/114 MP: 15/15
 13419 | Lair:5   | Found a runed door.
 13420 | Lair:5   | Found a viscous altar of Jiyva.
 13421 | Lair:5   | Found a staircase to the Slime Pits.
 13729 | Lair:5   | Noticed Kirke
 13742 | Lair:5   | Killed Kirke
 13933 | Lair:6   | Entered Level 6 of the Lair of Beasts
 14143 | Lair:6   | Received a gift from Okawaru
 14158 | Lair:6   | Got a dazzling glaive {god gift}
 14159 | Lair:6   | Identified the +6 glaive "Fulagal" {chop, rPois rN+} (Okawaru gifted it to you on level 6 of the Lair of Beasts)
 14314 | Lair:6   | Reached skill level 12 in Polearms
 14452 | Lair:6   | Reached skill level 13 in Polearms
 14597 | Lair:6   | Received a gift from Okawaru
 15065 | Lair:6   | Reached skill level 14 in Polearms
 15342 | Orc:1    | Entered Level 1 of the Orcish Mines
 15606 | Orc:1    | Reached XP level 14. HP: 102/121 MP: 17/17
 15714 | Orc:2    | Entered Level 2 of the Orcish Mines
 16159 | Orc:1    | Upgraded the game from 0.19-a0-1634-g2447231 to 0.19-a0-1636-g6bceca2
 16159 | Orc:1    | Upgraded the game from 0.19-a0-1636-g6bceca2 to 0.19-a0-1637-gc13f225
 16500 | Orc:2    | Found Amusiet's Distillery.
 16515 | Orc:2    | Reached skill level 15 in Polearms
 16534 | Orc:2    | Found Ereavvay's General Store.
 16836 | Orc:2    | Gained mutation: You are occasionally teleported next to monsters. [a neqoxec]
 16860 | Orc:1    | Reached skill level 10 in Fighting
 16933 | Orc:2    | Gained mutation: Scrolls take you a little longer to read. [a neqoxec]
 16935 | Orc:2    | Lost mutation: You are occasionally teleported next to monsters. [potion of cure mutation]
 16935 | Orc:2    | Lost mutation: Scrolls take you a little longer to read. [potion of cure mutation]
 16935 | Orc:2    | Lost mutation: You are resistant to hostile enchantments. (MR+) [potion of cure mutation]
 16935 | Orc:2    | Lost mutation: You are partially covered in rugged brown scales. (AC +1, +3% HP) [potion of cure mutation]
 17046 | Orc:2    | Found a staircase to the Elven Halls.
 17196 | Orc:2    | Bought a scroll of identify for 36 gold pieces
 17196 | Orc:2    | Identified 2 scrolls of acquirement
 17221 | Orc:2    | Paralysed by an orc sorcerer for 5 turns
 17844 | Orc:2    | Found Boghin's Book Shoppe.
 17844 | Orc:2    | Found a one-way gate leading to the halls of Pandemonium.
 17844 | Orc:2    | Found Biczauj's Antique Armour Emporium.
 17877 | Orc:2    | Bought a book of Necromancy for 480 gold pieces
 17879 | Orc:2    | Learned a level 1 spell: Animate Skeleton
 18074 | D:12     | Reached skill level 1 in Necromancy
 18154 | D:12     | Received a gift from Okawaru
 18948 | D:12     | Noticed Maurice
 18957 | D:12     | Killed Maurice
 19052 | D:11     | Received a gift from Okawaru
 19077 | D:11     | Got a jewelled glaive {god gift}
 19078 | D:11     | Identified the +2 glaive of Offence {chop, *Noise MR+ Int+5} (Okawaru gifted it to you on level 11 of the Dungeon)
 19191 | D:11     | Learned a level 3 spell: Regeneration
 19194 | D:11     | Learned a level 2 spell: Repel Missiles
 19443 | D:11     | Reached skill level 5 in Necromancy
 19481 | D:11     | Noticed fairyof's ghost (journeyman DECj)
 19502 | D:11     | Killed fairyof's ghost
 19644 | D:13     | Reached XP level 15. HP: 125/129 MP: 18/18
 19746 | D:13     | Gained mutation: Your spells are a little harder to cast, but a little more powerful. [potion of beneficial mutation]
 19787 | D:13     | Found a frozen archway.
 19791 | IceCv    | Entered an ice cave
 20000 | IceCv    | Reached skill level 1 in Charms
 20280 | IceCv    | Received a gift from Okawaru
 20346 | IceCv    | Noticed a frost giant
 20364 | IceCv    | Killed a frost giant
 20979 | D:13     | Received a gift from Okawaru
 20982 | D:13     | Got a translucent hat {god gift}
 20988 | D:13     | Identified the +1 hat "Acugo" {Str+7} (Okawaru gifted it to you on level 13 of the Dungeon)
 21066 | D:13     | Found a gate to the Vaults.
 21995 | D:14     | Noticed Agnes
 22011 | D:14     | Killed Agnes
 23047 | D:15     | Entered Level 15 of the Dungeon
 23087 | D:15     | Found Akluasuwk's Elemental Accessories.
 23135 | D:15     | Mangled by a caustic shrike zombie

Vault maps used:
D:1:      kilobyte_arrival_exit_the_forest
D:2:      kennysheep_the_goblin_king, lemuel_crystal_altar,
          hangedman_abyss_or_decor_lesser_grid, minmay_misc_feat_five,
          nicolae_dithmenos_shadow_blocks
D:4:      first_bread
D:5:      serial_shops, kennysheep_mini, minmay_holes
D:6:      minmay_ogre_servants
D:7:      kennysheep_mini_moat, kennysheep_generic_room_3,
          uniq_crazy_yiuf_cottage, uniq_pikel
D:8:      lair_0_dummy, moated_statue, grunt_pizzeria, minmay_radiant
D:9:      nicolae_overflow_hidden_temple, old_standard_altar,
          gammafunk_temple_overflow_statue, serial_shops, shop
D:10:     minmay_nine_imps
D:11:     orc_0_dummy
D:12:     uniq_maurice
D:13:     grunt_vaults_entry_tiered, portal_ice_cave_entry_pillars_2
D:14:     nicolae_two_hexagons, uniq_agnes
D:15:     gammafunk_depths_entry_grave, enter_trove_0, nicolae_elemental_shop
Lair:1:   serial_bayou_pond_a, minivault_24, grunt_forest_small_clearings,
          beast_lair_carwin_5
Lair:2:   spider_nest_entry_web_field, basic_altar, grunt_megastairs_1,
          uniq_nergalle
Lair:3:   nicolae_swamp_entry_splash_gauntlet, forest_entry_grove
Lair:4:   lemuel_slime, minivault_23, grunt_megastairs_2
Lair:5:   slime_altar_2, st_stairs_9, uniq_kirke
Lair:6:   hangedman_lair_in_review, lemuel_old_faithful
Orc:1:    cheibrodos_orc_bank, mines4_lemuel
Orc:2:    pf_orc_diabolical
IceCv:    ice_cave_caverns_01

Skill      XL: |  1  2  3  4  5  6  7  8  9 10 11 12 13 14 15 |
---------------+----------------------------------------------+-----
Conjurations   | 1 3 4 6 8 9 |  9.5
Fighting       | 1 2 4 5 7 9 11 | 11.6
Armour         | 1 5 7 9 11 | 11.7
Shields        | 1 4 5 |  5.0
Polearms       | 3 6 9 11 14 15 | 15.0
Fire Magic     | 4 6 8 9 |  9.4
Invocations    | 2 5 8 |  8.0
Spellcasting   | 2 |  2.0
Necromancy     | 5 7 |  7.8
Charms         | 4 |  4.0
Dodging        | |  2.2
Stealth        | |  1.5

Action                   |  1- 3 |  4- 6 |  7- 9 | 10-12 | 13-15 || total
-------------------------+-------+-------+-------+-------+-------++-------
Melee: Short sword       |    57 |       |       |       |       ||    57
       Unarmed           |     5 |       |       |       |       ||     5
       Dagger            |     3 |       |       |       |       ||     3
       Headbutt          |    10 |    18 |    25 |   128 |   206 ||   387
       Mace              |    78 |    62 |       |       |       ||   140
       Trident           |       |   125 |   279 |   896 |   230 ||  1530
       Glaive            |       |       |       |       |  1345 ||  1345
       Demon trident     |       |       |       |       |     5 ||     5
 Fire: Hunting sling     |       |     7 |       |     2 |     5 ||    14
Throw: Tomahawk          |       |    26 |     8 |    27 |       ||    61
       Javelin           |       |       |       |     3 |    23 ||    26
 Cast: Flame Tongue      |     1 |       |       |       |       ||     1
       Conjure Flame     |       |       |       |    13 |    70 ||    83
       Animate Skeleton  |       |       |       |       |    35 ||    35
       Sticky Flame      |       |       |       |       |     2 ||     2
       Repel Missiles    |       |       |       |       |     2 ||     2
       Regeneration      |       |       |       |       |     1 ||     1
Invok: Heroism           |       |       |     3 |    20 |    38 ||    61
 Abil: Desperate Haste   |     1 |     1 |     1 |     1 |     1 ||     5
Evoke: Wand              |       |       |       |     4 |    12 ||    16
       Lamp of fire      |       |       |       |       |     1 ||     1
  Use: Potion            |       |     3 |       |     4 |     6 ||    13
       Scroll            |       |     4 |     6 |    13 |    12 ||    35
 Stab: Petrified         |       |       |       |       |     4 ||     4
       Distracted        |       |       |       |       |     4 ||     4
       Paralysed         |       |       |       |       |     1 ||     1
  Eat: Chunk             |     2 |     7 |    12 |    21 |    41 ||    83
       Beef jerky        |       |       |       |     1 |     2 ||     3
       Pizza             |       |       |       |       |     1 ||     1
Armor: Ring mail         |    77 |    47 |       |       |       ||   124
       Robe              |     1 |       |       |       |       ||     1
       Scale mail        |       |     8 |    47 |   185 |   536 ||   776
Dodge: Dodged            |    85 |    48 |    67 |   189 |   478 ||   867
       Deflected         |       |       |       |       |     5 ||     5
Block: Shield            |     9 |    43 |     2 |       |       ||    54
       Buckler           |       |       |    25 |   107 |    16 ||   148
